 Dungeon Crawl Stone Soup version 0.18-a0-917-g8a3da5b (webtiles) character file.

856 JokEr the Fighter (level 8, -3/92 HPs)
             Began as an Ogre Berserker on Dec 26, 2015.
             Was a Priest of Trog.
             Slain by an iguana (12 damage)
             ... on level 5 of the Dungeon.
             The game lasted 00:12:36 (5661 turns).

JokEr the Fighter (Ogre Berserker)                  Turns: 5661, Time: 00:12:37

Health: -3/92      AC:  4    Str: 24    XL:     8   Next: 2%
Magic:  8/8        EV: 10    Int:  6    God:    Trog [***...]
Gold:   247        SH:  0    Dex: 10    Spells: 0 memorised, 7 levels left

rFire  . . .     SeeInvis .     a - +1 mace
rCold  . . .     Gourm    .     b - +1 animal skin
rNeg   . . .     Faith    .     (no shield)
rPois  .         Spirit   .     (helmet restricted)
rElec  .         Dismiss  .     (no cloak)
rCorr  .         Reflect  .     (gloves unavailable)
SustAt .         Harm     .     (boots unavailable)
MR     ++...                    (no amulet)
Stlth  +.........               (no ring)
                                e - ring of invisibility

@: exhausted, regenerating, slowed, very slow, very resistant to hostile
enchantments, very unstealthy
A: unfitting armour, tough skin 1
a: Berserk, Trog's Hand, Burn Spellbooks, Renounce Religion, Evoke Invisibility


You were on level 5 of the Dungeon.
You worshipped Trog.
Trog was most pleased with you.
You were not hungry.

You visited 1 branch of the dungeon, and saw 5 of its levels.

You collected 247 gold pieces.

Inventory:

Hand Weapons
 a - a +1 mace (weapon)
Armour
 b - a +1 animal skin (worn)
Jewellery
 e - a ring of invisibility (left hand)
 x - an uncursed amulet of harm {unknown}
Scrolls
 h - a scroll of fear
 n - a scroll of enchant armour
 o - 4 scrolls of remove curse
 q - a scroll of enchant weapon
 t - 3 scrolls of blinking
 u - a scroll of identify
 v - a scroll of noise {unknown}
Potions
 d - a potion of cancellation {unknown}
 f - a potion of curing {unknown}
 g - a potion of heal wounds {unknown}
 i - 2 potions of cure mutation
 k - 2 potions of brilliance
 l - 2 potions of lignification
 m - a potion of agility {unknown}
 s - a potion of haste {unknown}
Comestibles
 c - 3 bread rations
 j - 3 meat rations
 p - a slice of pizza
 r - 3 beef jerkies


   Skills:
 * Level 9.2 Fighting
 * Level 8.8 Maces & Flails
 - Level 2.6 Dodging


You had 7 spell levels left.
You didn't know any spells.

Dungeon Overview and Level Annotations

Branches:
Dungeon (5/15)
 Temple: D:4-7

Altars:
Nemelex Xobeh
Qazlal
Sif Muna
Xom
Yredelemnul
Zin
The Shining One

Shops:
D:4 %


Innate Abilities, Weirdness & Mutations

You are too large for most types of armour.
You have tough skin (AC +1).


Message History

The iguana closely misses you.
You hit the iguana but do no damage.
The iguana is lightly wounded.
The iguana bites you.
* * * LOW HITPOINT WARNING * * *
You hit the iguana.
The iguana is moderately wounded.
The iguana barely misses you. The iguana bites you!
* * * LOW HITPOINT WARNING * * *
You hit the iguana.
The iguana is severely wounded.
The iguana bites you!
* * * LOW HITPOINT WARNING * * *
Drink which item? (? for menu, Esc to quit)
Okay, then.
Your skin crawls.
You feel resistant to hostile enchantments.
You feel slightly more hungry. The iguana barely misses you.
The iguana bites you!
You die...

.# ##.#...).#........... ..... .#
#.#.#.#.#.......#.#######.. .#
#.#.#.#.#.................. .#
#.###.###..................
.######..........................
.................................
###############........##########
............................
......####.@l##........####.
..... #...##.#####.....#. '...
######.# #.....## #.. #.#
#....... ## #.. #.....(. #.
#....... #....... #.......
###.....


You could see an iguana.

Vanquished Creatures
  Menkaure (D:5)
  2 centaurs (D:5)
  2 ogres (D:5)
  A big kobold (D:5)
  A hound (D:4)
  2 worker ants (D:4)
  An iguana (D:4)
  An orc wizard (D:4)
  A hound zombie (D:5)
  Robin (D:2)
  7 adders
  2 oozes
  An adder zombie (D:5)
  An adder skeleton (D:5)
  A worm (D:2)
  4 giant geckos (D:1)
  6 orcs
  A ball python (D:2)
  6 bats
  5 giant cockroaches
  9 hobgoblins
  3 jackals (D:2)
  10 kobolds
  2 quokkas (D:3)
  A giant gecko skeleton (D:4)
  4 giant newts
  21 goblins
  A goblin zombie (D:5)
  A jackal skeleton (D:5)
  A quokka zombie (D:5)
  4 rats
  A spectral orc (D:3)
105 creatures vanquished.

Notes
Turn   | Place    | Note
--------------------------------------------------------------
     0 | D:1      | JokEr the Ogre Berserker began the quest for the Orb.
     0 | D:1      | Reached XP level 1. HP: 24/24 MP: 1/1
   180 | D:1      | Reached XP level 2. HP: 25/33 MP: 2/2
   546 | D:1      | Reached XP level 3. HP: 28/41 MP: 3/3
   837 | D:1      | Reached ** piety under Trog
  1118 | D:2      | Found a glowing silver altar of Zin.
  1125 | D:2      | Reached skill level 5 in Maces & Flails
  1275 | D:2      | Reached skill level 5 in Fighting
  1927 | D:2      | Reached XP level 4. HP: 50/50 MP: 4/4
  2336 | D:2      | Noticed Robin
  2352 | D:2      | Killed Robin
  2816 | D:3      | Found a stormy altar of Qazlal.
  2826 | D:3      | Found a faded altar to an unknown god.
  2832 | D:3      | Found a sparkling altar of Nemelex Xobeh.
  3094 | D:3      | Found a basalt altar of Yredelemnul.
  3300 | D:3      | Found a deep blue altar of Sif Muna.
  3374 | D:3      | Reached XP level 5. HP: 45/59 MP: 5/5
  3435 | D:3      | Reached skill level 6 in Fighting
  3643 | D:4      | Reached *** piety under Trog
  4000 | D:4      | Found Joeno's Food Boutique.
  4103 | D:4      | Reached XP level 6. HP: 50/68 MP: 6/6
  4266 | D:4      | Reached skill level 7 in Fighting
  4571 | D:4      | Found a shimmering altar of Xom.
  4631 | D:5      | Entered Level 5 of the Dungeon
  4717 | D:5      | Reached XP level 7. HP: 23/79 MP: 7/7
  4996 | D:5      | Reached skill level 8 in Fighting
  5308 | D:5      | Found a glowing golden altar of the Shining One.
  5624 | D:5      | Noticed Menkaure
  5637 | D:5      | Killed Menkaure
  5637 | D:5      | Reached skill level 9 in Fighting
  5655 | D:5      | Reached XP level 8. HP: 39/92 MP: 8/8
  5661 | D:5      | Slain by an iguana

Vault maps used:
D:1:      mrwooster_arrival_statue
D:2:      kennysheep_goblin_castle, old_standard_altar, serial_bayou,
          serial_bayou_ford_a, serial_bayou_shore_b, serial_bayou_shore_a,
          serial_bayou_lagoon_a
D:3:      lemuel_coloured_pillars_altar, nemelex_xobeh_ov_fountains_minmay,
          yredelemnul_forgotten_temple_becter, ecumenical_altar_1,
          grunt_qazlal_clouds
D:4:      kennysheep_mini_moat, serial_shops, shop, first_bread
D:5:      okawaru_trees_2, nicolae_overflow_hidden_temple, enter_ossuary_4,
          gup_sewer_entry_bowl, uniq_menkaure

Action                   |  1- 3 |  4- 6 |  7- 9 || total
-------------------------+-------+-------+-------++-------
Melee: Mace              |    94 |   171 |    79 ||   344
Invok: Berserk           |       |     2 |     2 ||     4
       Trog's Hand       |       |       |     1 ||     1
  Use: Scroll            |     2 |    11 |       ||    13
  Eat: Chunk             |     2 |    10 |     1 ||    13
       Bread ration      |       |     1 |       ||     1
       Pizza             |       |       |     1 ||     1
